 Dungeon Crawl Stone Soup version 0.30-a0-728-gc68057be0a (webtiles) character file.

Game seed: 11252274065267621206

214 browni3141 the Trooper (level 5, -4/29 HPs)
             Began as a Vine Stalker Fighter on Jan 31, 2023.
             Killed by divine providence
             ... invoked by an orc priest
              (12 damage)
             ... on level 4 of the Dungeon.
             The game lasted 00:06:29 (2390 turns).

browni3141 the Trooper (Vine Stalker Fighter)       Turns: 2390, Time: 00:06:30

Health: -4/29      AC:  8    Str: 21      XL:     5   Next: 91%
Magic:  0/15       EV:  9    Int:  6 (8)  God:
Gold:   175        SH:  4    Dex: 11 (13) Spells: 4/4 levels left

rFire   . . .      SeeInvis .    i - +2 dagger (venom)
rCold   . . .      Faith    .    c - +0 buckler
rNeg    . . .      Spirit   +    b - +0 scale mail
rPois   .          Reflect  .    (no helmet)
rElec   .          Harm     .    (no cloak)
rCorr   .          Rampage  .    q - +1 pair of gloves
Will    .....                    (no boots) Stlth
                                 (no amulet)
HPRegen 1.04/turn                h - ring of wizardry
MPRegen 0.14/turn                j - ring of magical power

@: no status effects
A: fangs 2, regeneration 1, magic shield, antimagic bite, no potion heal 2
a: no special abilities


You were on level 4 of the Dungeon.
You visited 1 branch of the dungeon, and saw 4 of its levels.

You collected 175 gold pieces.

Inventory:

Hand Weapons
 a - a +0 trident
 i - a +2 dagger of venom (weapon)
Missiles
 s - 3 poisoned darts (quivered)
 v - 2 atropa-tipped darts
Armour
 b - a +0 scale mail (worn)
 c - a +0 buckler (worn)
 q - a +1 pair of gloves (worn)
Jewellery
 h - a ring of wizardry (left hand)
 j - a ring of magical power (right hand)
Scrolls
 e - 3 scrolls of identify {unknown}
 f - 2 scrolls of acquirement {unknown}
 g - a scroll of enchant armour {unknown}
 k - a scroll of vulnerability {unknown}
 l - a scroll of amnesia {unknown}
 m - a scroll of torment {unknown}
 o - a scroll of brand weapon {unknown}
 p - a scroll of teleportation {unknown}
 r - a scroll of enchant weapon {unknown}
Potions
 d - a potion of might
 n - a potion of mutation {unknown}
 u - a potion of flight {unknown}
 w - a potion of berserk rage {unknown}
 x - a potion of resistance {unknown}


   Skills:
 - Level 4.0 Fighting
 - Level 2.0 Short Blades
 - Level 2.0 Polearms
 * Level 0.1 Throwing
 * Level 3.0 Armour
 - Level 2.0 Stealth
 * Level 3.4 Shields


You had 4 spell levels left.
You didn't know any spells.
Your spell library was empty.

Dungeon Overview and Level Annotations

Branches:
Dungeon (4/15)
 Temple: D:4-7

Altars:


Innate Abilities, Weirdness & Mutations

You have extremely sharp teeth.
Your natural rate of healing is unusually fast.
When hurt, damage is shared between your health and your magic reserves.
Your bite disrupts and absorbs the magic of your enemies.
Potions cannot restore your health.


Message History

The orc hits you but does no damage.
The orc wizard shouts!
You hit the orc. You bite the orc. You drain its power.
The orc is severely wounded.
You hear a shout!
The orc hits you but does no damage.
You closely miss the orc.
The orc is severely wounded.
You kill the orc!
You block the orc's attack.
The orc priest looks satisfied for a moment.
An orc comes into view. It is wielding a +0 hand axe.
The orc hits you with a +2 trident of venom.
You are poisoned.
The orc priest hits you with a +0 club.
Things that are here:
a +0 dagger; a +0 leather armour; an orc corpse The orc priest attacks as you move away!
The orc priest hits you with a +0 club.
You feel very sick. The orc hits you but does no damage.
You are more poisoned.
The orc priest attacks as you move away!
The orc priest hits you but does no damage.
You feel very sick.
You feel very sick.
The orc priest mumbles some strange prayers to Beogh against you.
Beogh smites you!
* * * LOW HITPOINT WARNING * * *
* * * LOW HITPOINT WARNING * * *
You feel very sick.
Your system rejects the healing.
You feel better.
The orc priest mumbles some strange prayers to Beogh against you.
Pain shoots through your body!
* * * LOW HITPOINT WARNING * * *
Okay, then.
The orc priest looks satisfied for a moment.
The orc priest mumbles some strange prayers to Beogh against you.
Beogh smites you!
You die...

..........# #.........#
.........# ........##
........## .o.o....#
#oo.o# .#.###### #S#
.......@## #K# #..####..#
#.# #.....#.####o# .#
.#........##..###..
...#......o...#...
#.......####.#.# ..
####...........###.#.
#####......#.#...........
......#...>...........#..


You could see an orc priest.

Vanquished Creatures
  An orc priest (D:2)
  Jessica (D:3)
  An orc wizard (D:3)
  3 adders
  2 worms (D:2)
  2 dart slugs
  9 orcs
  9 bats
  10 endoplasms
  4 giant cockroaches
  8 goblins
  4 hobgoblins
  4 jackals (D:3)
  3 kobolds
  3 quokkas
  7 ball pythons
  9 frilled lizards
  6 rats
86 creatures vanquished.

Vanquished Creatures (others)
  2 fungi (D:2)
  4 plants (D:2)
6 creatures vanquished.

Grand Total: 92 creatures vanquished

Notes
Turn   | Place    | Note
-------+----------+-------------------------------------------
     0 | D:1      | browni3141 the Vine Stalker Fighter began the quest for the
                  | Orb.
     0 | D:1      | Reached XP level 1. HP: 11/11 MP: 2/2
   318 | D:1      | Reached XP level 2. HP: 13/16 MP: 3/3
   483 | D:1      | Reached skill level 1 in Short Blades
   526 | D:1      | Reached XP level 3. HP: 17/19 MP: 4/4
   799 | D:1      | Reached skill level 3 in Fighting
   991 | D:2      | Gained mutation: Your natural rate of healing is unusually
                  | fast. [Vine Stalker growth]
   991 | D:2      | Reached XP level 4. HP: 24/24 MP: 5/5
  1093 | D:2      | Found a faded altar of an unknown god.
  1470 | D:3      | Noticed Jessica
  1483 | D:3      | Killed Jessica
  1484 | D:3      | Reached skill level 4 in Fighting
  1553 | D:3      | Reached XP level 5. HP: 29/29 MP: 6/6
  1735 | D:2      | Reached skill level 1 in Stealth
  2383 | D:4      | HP: 1/29 [poisoned by an orc]
  2390 | D:4      | Killed from afar by an orc priest

Illustrated notes

Levels and vault maps discovered:
D:1:      ebering_trefoil_3fold, layout_basic
D:2:      layout_rooms, dreamdust_ecumenical_altar_hidden_monk_grotto
D:3:      layout_basic, kennysheep_path_1, uniq_jessica
D:4:      layout_rooms, nicolae_uskayaw_murder_on_the_dancefloor,
          uniq_crazy_yiuf_cottage

Skill      XL: |  1  2  3  4  5 |
---------------+----------------+-----
Polearms       | 2 |  2.0
Short Blades   | 1 2 |  2.0
Fighting       | 3 4 |  4.0
Shields        | 3 |  3.4
Stealth        | 2 |  2.0
Armour         | 3 |  3.0
Throwing       | |  0.1

Action                     |  1- 3 |  4- 6 || total
---------------------------+-------+-------++-------
  Melee: Trident           |    10 |       ||    10
         Dagger            |    80 |   135 ||   215
         Bite              |    26 |    35 ||    61
    Use: Potion            |     2 |     1 ||     3
 Armour: Scale mail        |    41 |    52 ||    93
  Dodge: Dodged            |    33 |    39 ||    72
  Block: Buckler           |    18 |    20 ||    38

Table legend: (Time is in decaauts)
 A = Elapsed time spent in this place.
 B = Non-inter-level travel time spent in this place.
 C = Inter-level travel time spent in this place.
 D = Time resting spent in this place.
 E = Time spent auto-exploring this place.
 F = Levels seen in this place.
 G = Mean time per level.
                   A        B        C        D        E       F      G
               +--------+--------+--------+--------+--------+-----+--------+
         Total |   2389 |   2336 |     53 |    123 |   1606 |   4 |  597.2 |
       Dungeon |   2389 |   2336 |     53 |    123 |   1606 |   4 |  597.2 |
               +--------+--------+--------+--------+--------+-----+--------+

Top non-repeatable levels by time:
     D:1: 878 daAuts
     D:3: 848 daAuts
     D:2: 596 daAuts
     D:4: 66 daAuts
